 Seeded DCSS version 0.30-a0-702-gdf48620a09 (webtiles) character file.

Game seed: 16324032344492496604 (custom seed)

242 purpskrrrp the Sneak (level 6, -6/55 HPs)
             Began as a Kobold Brigand on Jan 22, 2023.
             Killed by nerve-wracking pain
             ... invoked by Grinder
              (13 damage)
             ... while paralysed by Grinder
             ... on level 4 of the Dungeon.
             The game lasted 00:05:39 (3242 turns).

purpskrrrp the Sneak (Kobold Brigand)               Turns: 3242, Time: 00:05:40

Health: -6/55      AC:  4    Str:  8    XL:     6   Next: 30%
Magic:  6/6        EV:  3    Int: 12    God:
Gold:   285        SH:  0    Dex: 19    Spells: 5/5 levels left

rFire   + . .      SeeInvis .    q - +3 dagger (venom)
rCold   . . .      Faith    .    u - orb {light}
rNeg    . . .      Spirit   .    n - +2 robe {rF+}
rPois   .          Reflect  .    (no helmet)
rElec   .          Harm     .    k - scarf {shadows}
rCorr   .          Rampage  .    (no gloves)
Will    .....                    (no boots) Stlth
                                 (no amulet)
HPRegen 0.29/turn                g - +4 ring of slaying
MPRegen 0.10/turn                (no ring)

@: paralysed, berserking (expiring), glowing
A: small, no large weapons, nightstalker 3
a: no special abilities


You were on level 4 of the Dungeon.
You visited 1 branch of the dungeon, and saw 4 of its levels.

You collected 285 gold pieces.

Inventory:

Hand Weapons
 a - a +2 dagger
 q - a +3 dagger of venom (weapon)
Missiles
 d - 15 poisoned darts
 e - 2 curare-tipped darts
Armour
 b - a +0 robe
 c - a +0 cloak
 k - a scarf of shadows (worn)
 n - a +2 robe of fire resistance (worn)
 u - an orb of light (worn)
Jewellery
 g - a +4 ring of slaying (left hand)
 i - a ring of resist corrosion
 o - a ring of flight
Wands
 r - a wand of flame (20)
Scrolls
 j - a scroll of fog {unknown}
 l - a scroll of amnesia {unknown}
 m - a scroll of torment
 t - a scroll of enchant weapon
Potions
 f - a potion of invisibility
 h - a potion of degeneration
 p - 3 potions of curing


   Skills:
 + Level 3.2 Fighting
 * Level 4.9 Short Blades
 + Level 3.2 Throwing
 + Level 2.7 Dodging
 * Level 6.9 Stealth


You had 5 spell levels left.
You didn't know any spells.
Your spell library was empty.

Dungeon Overview and Level Annotations

Branches:
Dungeon (4/15)
 Temple: D:4-7

Altars:
Ru

Shops:
D:1 =   D:3 *

Annotations:
D:4 Grinder


Innate Abilities, Weirdness & Mutations

You are small and have problems with some larger weapons.
You are completely attuned to the shadows.


Message History

You are too injured to fight recklessly!
You are too injured to fight recklessly!
You are too injured to fight recklessly!
You are too injured to fight recklessly!
You are too injured to fight recklessly!
You are too injured to fight recklessly!
You are too injured to fight recklessly!
You are too injured to fight recklessly!
You are too injured to fight recklessly!
You are too injured to fight recklessly!
You are too injured to fight recklessly!
You are too injured to fight recklessly!
You are too injured to fight recklessly!
You are too injured to fight recklessly!
You are too injured to fight recklessly!
You are too injured to fight recklessly!
A red film seems to cover your vision as you go berserk!
You feel yourself moving faster!
You feel mighty! Grinder hits you!
* * * LOW HITPOINT WARNING * * *
You writhe in agony.
* * * LOW HITPOINT WARNING * * *
You puncture Grinder!
Grinder looks as sick as possible!
Grinder is severely wounded.
Grinder hits you but does no damage.
You barely miss Grinder.
Grinder is severely wounded.
You hit Grinder.
Grinder looks as sick as possible!
Grinder is severely wounded.
Grinder gestures at you.
You suddenly lose the ability to move!
Grinder drinks a potion.
Grinder seems to grow stronger.
Grinder says, "Don't move a muscle."
Grinder gestures at you. You resist with significant effort.
Grinder gestures at you.
You barely resist. Grinder hits you but does no damage.
Grinder gestures at you. Pain shoots through your body!
You die...

####
###..#
#....##
###).<..#
...@#...#
..5.....#
...##..##
.!. .#


You could see Grinder (strong, very poisoned).

Vanquished Creatures
  An orc wizard (D:3)
  Ijyb (D:4)
  13 adders
  A dart slug (D:3)
  3 orcs (D:3)
  14 ball pythons
  8 endoplasms
  5 goblins
  7 hobgoblins
  3 jackals (D:1)
  6 bats
  6 frilled lizards
  6 kobolds
  4 rats
78 creatures vanquished.

Notes
Turn   | Place    | Note
-------+----------+-------------------------------------------
     0 | D:1      | purpskrrrp the Kobold Brigand began the quest for the Orb.
     0 | D:1      | Reached XP level 1. HP: 12/12 MP: 1/1
    72 | D:1      | Reached XP level 2. HP: 14/17 MP: 2/2
   157 | D:1      | Found Souhiu's Jewellery Boutique.
   338 | D:1      | Reached XP level 3. HP: 14/22 MP: 3/3
  1195 | D:2      | Reached skill level 6 in Stealth
  1195 | D:2      | Reached XP level 4. HP: 20/27 MP: 4/4
  1764 | D:2      | You fall into a shaft and drop 1 floor!
  1774 | D:3      | Reached XP level 5. HP: 32/32 MP: 5/5
  2581 | D:3      | Reached XP level 6. HP: 31/37 MP: 6/6
  2611 | D:3      | Found Kiagum's General Store.
  2916 | D:3      | Found a sacrificial altar of Ru.
  3222 | D:4      | Noticed Ijyb
  3228 | D:4      | Noticed Grinder
  3229 | D:4      | Killed Ijyb
  3237 | D:4      | Paralysed by Grinder for 5 turns
  3242 | D:4      | Killed from afar by Grinder

Illustrated notes

Levels and vault maps discovered:
D:1:      saegor_arrival_simple_b, layout_basic, serial_shops, shop
D:2:      layout_basic, minmay_statues_item, st_stairs_3,
          chequers_serial_rivers_large_b, minmay_snake_closets
D:3:      layout_basic, amcnicky_altar_gilded, serial_shops,
          nicolae_shop_window_shopping, grunt_ministairs_5
D:4:      layout_cave_pools, nicolae_gozag_seed_capital, serial_shops,
          nicolae_shop_trees, uniq_grinder, uniq_ijyb, uniq_robin

Skill      XL: |  1  2  3  4  5 |
---------------+----------------+-----
Short Blades   | 3 4 |  4.9
Stealth        | 6 |  6.9
Dodging        | 2 |  2.7
Throwing       | 3 |  3.2
Fighting       | 3 |  3.2

Action                   |  1- 3 |  4- 6 || total
-------------------------+-------+-------++-------
Melee: Dagger            |    56 |    80 ||   136
Throw: Dart              |       |     1 ||     1
  Use: Scroll            |     2 |     7 ||     9
       Potion            |       |     2 ||     2
 Stab: Sleeping          |    18 |    25 ||    43
       Distracted        |       |     3 ||     3
Armor: Robe              |     6 |     7 ||    13
Dodge: Dodged            |    27 |    37 ||    64

Table legend: (Time is in decaauts)
 A = Elapsed time spent in this place.
 B = Non-inter-level travel time spent in this place.
 C = Inter-level travel time spent in this place.
 D = Time resting spent in this place.
 E = Time spent auto-exploring this place.
 F = Levels seen in this place.
 G = Mean time per level.
                   A        B        C        D        E       F      G
               +--------+--------+--------+--------+--------+-----+--------+
         Total |   3265 |   3104 |    161 |     44 |   2601 |   4 |  816.2 |
       Dungeon |   3265 |   3104 |    161 |     44 |   2601 |   4 |  816.2 |
               +--------+--------+--------+--------+--------+-----+--------+

Top non-repeatable levels by time:
     D:2: 1230 daAuts
     D:1: 1017 daAuts
     D:3: 1001 daAuts
     D:4: 16 daAuts
